Map: Habitation Station LE (Void)

Players

Turtle

  • Race: Terran Terran
  • League: Gold
  • Spawn Location: 11:00

Ignith - Winner!

  • Race: Protoss Protoss
  • League: Gold
  • Spawn Location: 1:00

VOD

Have the link to the VOD?

Description

Time

  • Played on: Dec. 11, 2016, 5:53 p.m.
  • Length: 16:26
Show
View Real Time Build Order
Export as new Build Order

Turtle Terran 

Build Orders:  

Get SALT Encoding   

  12  0:07  SCV  
  13  0:19  SCV  
  14  0:30  Supply Depot  
  14  0:42  SCV  
  15  0:52  Barracks  
  15  0:59  Supply Depot  
  15  1:13  Barracks  
  15  1:17  Barracks  
  15  1:58  SCV  
  16  2:02  Marine  
  17  2:08  Marine  
  17  2:15  SCV  
  19  2:20  Marine  
  19  2:22  Marine  
  21  2:38  Marine  
  21  2:42  Orbital Command  
  22  2:45  Marine x2  
  24  2:52  Supply Depot  
  24  3:02  Marine  
  24  3:03  Marine  
  26  3:13  Marine  
  26  3:17  SCV  
  28  3:20  Marine x2  
  30  3:38  Marine x2  
  24  4:05  Marine  
  24  4:08  Marine  
  24  4:09  Marine  
  26  4:14  Barracks  
  26  4:17  Barracks  
  26  4:23  Marine  
  27  4:26  Marine  
  27  4:27  Marine  
  29  4:37  Command Center  
  29  4:39  SCV  
  29  4:41  Refinery, Marine  
  29  4:44  Marine  
  29  4:45  Marine  
  33  4:53  Refinery, SCV  
  33  4:57  Engineering Bay  
  33  4:59  Marine  
  35  5:02  Marine  
  36  5:17  Marine  
  27  5:34  Marine  
  28  5:37  Marine  
  28  5:38  Marine x3  
  32  5:46  Supply Depot  
  31  5:52  Marine  
  31  5:55  Marine x2  
  31  5:56  Marine x2  
  35  6:10  Marine  
  33  6:13  Marine x3  
  33  6:14  Marine  
  37  6:18  Supply Depot  
  37  6:28  Marine  
  37  6:31  Marine x4  
  42  6:46  Marine  
  40  6:49  Marine x2  
  40  6:50  SCV  
  38  7:00  Supply Depot  
  38  7:02  SCV  
  38  7:04  Marine  
  38  7:06  Barracks Reactor  
  38  7:07  Marine x2  
  42  7:09  Barracks Reactor  
  42  7:12  SCV  
  42  7:15  SCV, Terran Infantry Weapons Level 1  
  44  7:21  Marine  
  43  7:25  Marine x2  
  43  7:27  SCV  
  43  7:39  SCV  
  43  7:43  Marine x2  
  45  7:54  Command Center, Marine x2  
  45  7:55  Marine x2  
  49  7:58  Marine  
  49  8:01  Marine x2  
  52  8:12  Marine  
  47  8:59  Marine  
  47  9:00  Marine x4  
  47  9:02  Barracks Tech Lab  
  36  9:14  Planetary Fortress  
  33  9:17  Marine x2  
  33  9:18  Marine x3  
  33  9:20  SCV  
  36  9:31  Marauder  
  34  9:32  SCV  
  34  9:35  Marine x3  
  34  9:36  Marine  
  35  9:38  Orbital Command  
  35  9:44  SCV  
  36  9:52  Marauder  
  38  9:56  SCV  
  39  10:19  SCV  
  34  10:31  SCV  
  35  10:36  Marine x2  
  26  10:43  SCV  
  26  10:49  SCV  
  20  10:55  SCV  
  20  10:57  Orbital Command  
  19  11:01  SCV  
  18  11:07  SCV  
  18  11:09  Refinery  
  19  11:11  Engineering Bay  
  19  11:14  SCV  
  20  11:19  SCV  
  20  11:24  SCV  
  22  11:26  SCV  
  22  11:31  SCV  
  24  11:36  SCV  
  24  11:38  SCV  
  26  11:43  SCV  
  27  11:48  SCV  
  27  11:50  SCV  
  26  12:15  Orbital Command  
  26  12:37  Missile Turret, SCV  
  26  12:40  Planetary Fortress  
  27  12:45  Missile Turret  
  27  12:46  Refinery  
  27  12:49  SCV  
  28  13:01  SCV  
  29  13:13  SCV  
  29  13:15  Supply Depot  
  30  13:34  SCV  
  30  13:36  SCV  
  30  13:46  Barracks, SCV  
  21  13:49  Barracks  
  19  14:06  Missile Turret  
  19  14:31  Supply Depot  
  19  14:45  Supply Depot  
  19  14:49  Supply Depot x2  
  19  14:53  Marine x2, SCV  
  23  15:06  SCV  
  23  15:10  Marine x2  
  23  15:12  Barracks  
  25  15:16  Factory  
  25  15:18  SCV  
  25  15:20  Supply Depot  
  26  15:25  Refinery  
  26  15:28  Marine x2  
  26  15:31  SCV  
  29  15:43  SCV  
  29  15:45  Barracks  
  29  15:46  Marine x2  
  5  16:04  Marine  
  5  16:07  Marine  
  7  16:21  Command Center  
Show
View Real Time Build Order
Export as new Build Order

Ignith Protoss - Winner!

Build Orders:  

Get SALT Encoding   

  12  0:00  Probe (Chrono Boost)  
  13  0:11  Probe (Chrono Boost)  
  14  0:20  Pylon  
  14  0:22  Probe (Chrono Boost)  
  15  0:38  Probe (Chrono Boost)  
  15  0:41  Forge  
  16  0:48  Probe (Chrono Boost)  
  17  0:58  Pylon  
  17  1:08  Pylon  
  17  1:14  Pylon  
  17  1:19  Photon Cannon  
  17  1:28  Photon Cannon  
  16  1:40  Gateway  
  16  1:53  Gateway  
  16  1:59  Pylon  
  16  2:28  Zealot  
  16  2:29  Nexus  
  18  2:40  Cybernetics Core, Zealot  
  20  3:03  Zealot  
  23  3:05  Probe (Chrono Boost)  
  23  3:12  Assimilator  
  23  3:14  Assimilator  
  23  3:16  Zealot, Probe (Chrono Boost)  
  26  3:27  Probe (Chrono Boost)  
  27  3:37  Probe (Chrono Boost)  
  28  3:44  Zealot x2  
  28  3:48  Probe (Chrono Boost)  
  26  3:56  Warp Gate (Chrono Boost)  
  26  4:11  Probe (Chrono Boost)  
  26  4:14  Zealot x2  
  26  4:17  Probe (Chrono Boost)  
  32  4:21  Probe (Chrono Boost)  
  33  4:27  Probe (Chrono Boost)  
  33  4:29  Twilight Council  
  34  4:36  Gateway  
  34  4:38  Probe (Chrono Boost)  
  35  4:45  Zealot  
  37  4:48  Probe (Chrono Boost)  
  37  4:49  Zealot  
  40  4:57  Probe (Chrono Boost)  
  41  5:05  Charge (Chrono Boost)  
  41  5:09  Probe  
  41  5:12  Zealot  
  38  5:21  Probe  
  38  5:27  Zealot  
  41  5:29  Zealot  
  41  5:33  Probe, Pylon  
  41  5:34  Protoss Ground Weapons Level 1  
  43  5:46  Probe  
  37  5:58  Probe  
  37  6:01  Pylon  
  38  6:10  Probe  
  37  6:19  Gateway  
  37  6:21  Zealot  
  37  6:22  Zealot x2, Probe  
  43  6:34  Probe  
  40  6:46  Probe x2  
  37  6:54  Zealot x3  
  37  6:58  Probe x2  
  45  7:10  Probe x2  
  47  7:22  Probe x2  
  49  7:25  Gateway  
  49  7:26  Gateway  
  49  7:28  Zealot x2  
  49  7:29  Gateway  
  53  7:30  Zealot  
  53  7:33  Zealot  
  53  7:34  Probe x2  
  59  7:46  Probe  
  59  7:47  Probe  
  61  7:59  Probe  
  60  8:08  Zealot  
  47  8:31  Pylon  
  46  8:37  Pylon  
  46  9:03  Probe  
  46  9:14  Probe  
  47  9:24  Probe  
  47  9:26  Pylon  
  47  9:28  Pylon  
  47  9:31  Pylon  
  48  9:35  Probe, Pylon  
  49  9:45  Probe  
  49  9:47  Cybernetics Core  
  50  10:07  Zealot x4  
  50  10:08  Zealot x3  
  52  10:28  Zealot x7  
  46  11:12  Stargate x2  
  46  11:25  Nexus  
  46  11:55  Phoenix  
  46  11:57  Phoenix  
  50  12:18  Zealot x5  
  50  12:19  Zealot  
  62  13:07  Phoenix  
  62  13:08  Phoenix  
  66  13:13  Zealot x4  
  66  13:14  Zealot  
  76  13:26  Probe  
  77  13:36  Probe  
  74  13:47  Probe  
  67  14:19  Phoenix  
  69  14:27  Zealot  
  67  15:16  Probe  
  68  15:26  Probe  
  69  15:37  Probe  
  70  15:47  Probe  
Tags
 
Add a new tag
Caveats
  • Supply blocks, unpowered buildings, or Contaminate may cause inaccurate times.
  • Supply counts are checked every 10 seconds.